 Dungeon Crawl Stone Soup version 0.27-a0-1545-g3eddc1d3d3 (webtiles) character file.

Game seed: 9658362871178402474

5 Morbidden the Grave Robber (level 1, 0/13 HPs)
             Began as a Demonspawn Necromancer on July 13, 2021.
             Slain by a jackal (3 damage)
             ... on level 1 of the Dungeon.
             The game lasted 00:00:35 (230 turns).

Morbidden the Grave Robber (Demonspawn Necromancer)  Turns: 230, Time: 00:00:35

Health: 0/13       AC:  2    Str:  8    XL:     1   Next: 66%
Magic:  1/3        EV: 12    Int: 16    God:
Gold:   0          SH:  0    Dex: 13    Spells: 3/4 levels left

rFire    . . .     SeeInvis .   (no weapon)
rCold    . . .     Faith    .   (no shield)
rNeg     . . .     Spirit   .   a - +0 robe
rPois    .         Reflect  .   (no helmet)
rElec    .         Harm     .   (no cloak)
rCorr    .         Rampage  .   (no gloves)
Will     .....                  (no boots)
Stlth    ++........             (no amulet)
HPRegen  0.04/turn              (no ring)
MPRegen  0.08/turn              (no ring)

@: no status effects
A: no striking features
a: no special abilities


You were on level 1 of the Dungeon.
You visited 1 branch of the dungeon, and saw 1 of its levels.

Inventory:

Armour
 a - a +0 robe (worn)


   Skills:
 * Level 1.7 Dodging
 + Level 1.7 Stealth
 * Level 2.0 Spellcasting
 * Level 4.7 Necromancy


You had 3 spell levels left.
You knew the following spells:

 Your Spells              Type           Power      Damage    Failure   Level
a - Pain                  Necr           64%        1d7       3%          1

Your spell library contained the following spells:

 Spells                   Type           Power      Damage    Failure   Level
 Animate Skeleton         Necr           32%        N/A       3%          1
 Vampiric Draining        Necr           8%         2d7       9%          3
 Animate Dead             Necr           8%         N/A       30%         4
 Agony                    Necr           16%        N/A       63%         5


Dungeon Overview and Level Annotations

Branches:
Dungeon (1/15)

Altars:


Message History

You kill the bat!
The jackal closely misses you.
Unknown command.
Unknown command.
Sorry, you're not good enough to have a special ability.
Unknown command.
Casting: Pain (safe; 3% risk of failure)
Confirm with . or Enter, or press ? or * to list all spells.
Aiming: Pain (safe; 3% risk of failure)
Press: ? - help, Shift-Dir - straight line, f/p - jackal
Aim: a jackal (chance to affect: 87%)
The jackal barely resists.
The jackal misses you.
Unknown command.
Unknown command.
Casting: Pain (safe; 3% risk of failure)
Confirm with . or Enter, or press ? or * to list all spells.
Aiming: Pain (safe; 3% risk of failure)
Press: ? - help, Shift-Dir - straight line, f/p - jackal
Aim: a jackal (chance to affect: 87%)
The jackal writhes in agony.
The jackal barely misses you.
Unknown command.
Unknown command.
You closely miss the jackal. The jackal barely misses you. x2
The jackal bites you. The jackal closely misses you.
Found a leather armour.
You aren't carrying any potions.
Unknown command.
A jackal comes into view.
The jackal bites you.
The jackal moves out of view.
You see here a +0 leather armour.
The jackal barks!
The jackal closely misses you.
You closely miss the jackal. The jackal barely misses you.
The jackal closely misses you.
The jackal bites you but does no damage.
The jackal bites you. x2
* * * LOW HITPOINT WARNING * * *
The jackal bites you.
You die...

## #......# #
#......#######
#####..........†..
#......(..........
#.................
#.....#...........
#@h...#.....###...
#hh...#.....# ##.#
#.#####.....# #.#
#.# #.....# #.#
#[# #.....# #.#
#.########'#####.#
#................#
##########.#######
#.#


You could see 3 jackals.

Vanquished Creatures
  A bat (D:1)
  A giant cockroach (D:1)
  A goblin (D:1)
  A hobgoblin (D:1)
4 creatures vanquished.

Notes
Turn   | Place    | Note
-------+----------+-------------------------------------------
     0 | D:1      | Morbidden the Demonspawn Necromancer began the quest for
                  | the Orb.
     0 | D:1      | Reached XP level 1. HP: 13/13 MP: 3/3
   230 | D:1      | Slain by a jackal

Illustrated notes

Levels and vault maps discovered:
D:1:      ncdulo_wetmaze, layout_basic,
          dreamdust_ecumenical_altar_hidden_monk_grotto, minmay_tetromino_i4

Action                   || total
-------------------------++-------
Melee: Unarmed           ||    11
 Cast: Pain              ||     9
Armor: Robe              ||     7
Dodge: Dodged            ||    22

Table legend: (Time is in decaauts)
 A = Elapsed time spent in this place.
 B = Non-inter-level travel time spent in this place.
 C = Inter-level travel time spent in this place.
 D = Time resting spent in this place.
 E = Time spent auto-exploring this place.
 F = Levels seen in this place.
 G = Mean time per level.
                   A        B        C        D        E       F      G
               +--------+--------+--------+--------+--------+-----+--------+
         Total |    233 |    233 |      0 |      2 |    177 |   1 |  233.0 |
       Dungeon |    233 |    233 |      0 |      2 |    177 |   1 |  233.0 |
               +--------+--------+--------+--------+--------+-----+--------+

Top non-repeatable levels by time:
     D:1: 233 daAuts
